 Dungeon Crawl Stone Soup version 0.31-a0-150-g89dc3ad700 (webtiles) character file.

Game seed: 6496498623306639418

147 qw the Shooter (level 5, 0/47 HPs)
             Began as a Minotaur Hunter on June 8, 2023.
             Slain by a wyvern (5 damage)
             ... on level 4 of the Dungeon.
             The game lasted 00:00:55 (2746 turns).

qw the Shooter (Minotaur Hunter)                    Turns: 2746, Time: 00:00:55

Health: 0/47       AC:  6    Str: 16    XL:     5   Next: 8%
Magic:  4/4        EV: 11    Int:  6    God:
Gold:   139        SH:  0    Dex: 15    Spells: 4/4 levels left

rFire   . . .        Y - +0 shortbow
rCold   . . .        (shield currently unavailable)
rNeg    . . .        h - +0 ring mail
rPois   .            (helmet restricted)
rElec   .            (no cloak)
rCorr   .            (no gloves)
SInv    .            c - +0 pair of boots
Will    .....        (no amulet)
Stlth   +            (no ring)
HPRegen 0.27/turn    (no ring)
MPRegen 0.09/turn

%: no passive effects
@: about to teleport
A: horns 2, retaliatory headbutt
a: no special abilities


You were on level 4 of the Dungeon.
You visited 1 branch of the dungeon, and saw 4 of its levels.

You collected 139 gold pieces.


Innate Abilities, Weirdness & Mutations

You have a pair of horns on your head.
You reflexively headbutt those who attack you in melee.


   Skills:
 - Level 4.3 Fighting
 + Level 6.0 Ranged Weapons
 - Level 1.0 Armour
 - Level 2.1 Dodging
 - Level 0.7 Stealth


You had 4 spell levels left.
You didn't know any spells.
Your spell library was empty.

Inventory:

Hand Weapons
 Y - a +0 shortbow (weapon)
Armour
 c - a +0 pair of boots (worn)
 h - a +0 ring mail (worn)
Scrolls
 a - 2 scrolls of teleportation
Potions
 b - a potion of heal wounds {unknown}
 d - a potion of attraction {unknown}
 e - a potion of enlightenment {unknown}
 f - a potion of cancellation {unknown}
 g - 2 potions of curing
 i - a potion of lignification {unknown}
 j - a potion of brilliance {unknown}
 k - a potion of might {unknown}

Dungeon Overview and Level Annotations

Branches:
Dungeon (4/15)
 Temple: D:4-7

Altars:


Message History

You shoot an arrow. The arrow hits the orc!
You kill the orc!
You now have 128 gold pieces (gained 13).
You now have 139 gold pieces (gained 11).
Found a dagger.
A wyvern comes into view.
Found 5 poisoned darts.
The wyvern hisses angrily.
The wyvern hisses menacingly.
You shoot an arrow. The arrow closely misses the wyvern.
You shoot an arrow. The arrow hits the wyvern!
The wyvern is moderately wounded.
You shoot an arrow. The arrow hits the wyvern.
The wyvern is moderately wounded.
The wyvern bites you but does no damage.
The wyvern bites you.
You shoot an arrow. The arrow closely misses the wyvern.
You hear a shout!
The wyvern bites you!
A kobold comes into view. It is wielding a +0 short sword.
You shoot an arrow. The arrow hits the wyvern.
The wyvern is moderately wounded.
The wyvern bites you. The wyvern barely misses you.
You shoot an arrow. The arrow hits the wyvern.
The wyvern is heavily wounded.
The wyvern bites you but does no damage.
The wyvern bites you!
The kobold throws a stone.
The stone misses you.
You shoot an arrow.
The arrow hits the wyvern but does no damage.
The wyvern is heavily wounded.
The wyvern bites you! The wyvern barely misses you.
2745 ||| READING 3 scrolls of teleportation.
As you read the scroll of teleportation, it crumbles to dust.
You feel strangely unstable. The wyvern bites you.
The kobold barely misses you.
You shoot an arrow. The arrow hits the wyvern!
The wyvern is severely wounded.
The wyvern closely misses you. The kobold closely misses you.
You furiously retaliate!
You headbutt the kobold. The wyvern bites you.
You die...

#(# ... # .. ...
#... ..) #.#.
... #.#.###.#
#....... #
###..#lK##
...#...#.@..####
...............#
..#.#..#..###...
##.#....## .
###..#....#
#.......###
#...<..##
#...[...#
#.........#


You could see a wyvern and a kobold.

Vanquished Creatures
  A hound (D:3)
  An orc wizard (D:3)
  An adder (D:3)
  5 dart slugs
  4 orcs
  6 endoplasms
  A giant cockroach (D:1)
  3 goblins
  6 hobgoblins
  12 jackals
  4 quokkas
  3 ball pythons
  7 bats
  2 frilled lizards (D:3)
  6 kobolds
  4 rats
66 creatures vanquished.

Notes
Turn   | Place    | Note
-------+----------+-------------------------------------------
     0 | D:1      | qw the Minotaur Hunter began the quest for the Orb.
     0 | D:1      | Reached XP level 1. HP: 18/18 MP: 0/0
     0 | D:1      | 0 ||| qw: Version: 0.2-a-119-g7aa9181
     0 | D:1      | 0 ||| qw: Game counter: 2909
     0 | D:1      | 0 ||| qw: Always use a shield: true
     0 | D:1      | 0 ||| qw: God list: Okawaru
     0 | D:1      | 0 ||| qw: Allow faded altars: false
     0 | D:1      | 0 ||| qw: Do Orc after D:15 true
     0 | D:1      | 0 ||| qw: Do second Lair branch before Depths: true
     0 | D:1      | 0 ||| qw: Lair rune preference: random
     0 | D:1      | 0 ||| qw: Plans: Normal
     0 | D:1      | 0 ||| PLANNING D:1-11
   189 | D:1      | Reached XP level 2. HP: 25/25 MP: 1/1
   235 | D:1      | Reached skill level 5 in Ranged Weapons
   424 | D:1      | Reached skill level 3 in Fighting
   529 | D:1      | Reached XP level 3. HP: 31/31 MP: 2/2
   824 | D:1      | 824 ||| UPGRADING to +0 ring mail.
   834 | D:1      | 834 ||| DROPPING +0 leather armour.
   835 | D:1      | 835 ||| READING scroll labelled ISITWI ARUITY.
   836 | D:1      | 836 ||| READING scroll labelled ILUISHR GEEQ.
   839 | D:1      | 839 ||| READING scroll labelled GOL HOEVVONT.
   840 | D:1      | 840 ||| DROPPING scroll of butterflies.
  1098 | D:2      | Reached skill level 1 in Armour
  1902 | D:2      | 1902 ||| READING scroll labelled GEEGRU YQ QEI.
  1903 | D:2      | 1903 ||| DRINKING 3 sapphire potions.
  1981 | D:3      | Reached skill level 6 in Ranged Weapons
  1981 | D:3      | Reached XP level 4. HP: 35/38 MP: 3/3
  2080 | D:3      | Found a faded altar of an unknown god.
  2278 | D:3      | 2278 ||| STAIRDANCE
  2305 | D:2      | 2305 ||| UPGRADING to +0 pair of boots.
  2314 | D:3      | 2314 ||| STAIRDANCE
  2493 | D:3      | 2493 ||| READING scroll labelled ZEQODY ETEE.
  2505 | D:4      | 2505 ||| PLANNING SEWER
  2508 | D:4      | 2508 ||| STAIRDANCE
  2528 | D:3      | Reached XP level 5. HP: 18/47 MP: 4/4
  2640 | D:4      | 2640 ||| STAIRDANCE
  2669 | D:4      | 2669 ||| STAIRDANCE
  2737 | D:4      | Noticed a wyvern
  2744 | D:4      | HP: 8/47 [wyvern (16)]
  2745 | D:4      | 2745 ||| READING 3 scrolls of teleportation.
  2746 | D:4      | Slain by a wyvern

Levels and vault maps discovered:
D:1:      dpeg_arrival_water_fire, layout_basic, minmay_tetromino_o4
D:2:      layout_basic, serial_curves, eino_curves_04, eino_curves_01
D:3:      layout_rooms, shapermc_ecumenical_altar_hornbeckon
D:4:      layout_rooms, nemelex_dance_club_becter, okawaru_trees_2,
          portal_sewer_entry_e, uniq_menkaure

Skill      XL: |  1  2  3  4 |
---------------+-------------+-----
Ranged Weapons | 5 6 |  6.0
Fighting       | 3 4 |  4.3
Armour         | 1 |  1.0
Dodging        | |  2.1
Stealth        | |  0.7

Action                     |  1- 3 |  4- 6 || total
---------------------------+-------+-------++-------
   Fire: Shortbow          |   127 |    85 ||   212
    Use: Scroll            |     4 |     2 ||     6
         Potion            |     1 |       ||     1
 Armour: Leather armour    |    13 |       ||    13
         Ring mail         |    10 |    24 ||    34
  Dodge: Dodged            |    58 |    29 ||    87

Table legend:
 A = Non-vault XP
 B = Vault XP
 C = Vault XP percentage of total XP
 D = Non-vault monster count
 E = Vault monster count
 F = Vault count percentage of total count
                 A         B        C        D         E       F
            +---------+---------+-------+---------+---------+-------
      Total |     207 |       4 |   1.9 |      64 |       2 |   3.0
            +---------+---------+-------+---------+---------+-------
        D:1 |      47 |       4 |   7.8 |      25 |       2 |   7.4
        D:2 |      36 |       0 |   0.0 |      20 |       0 |   0.0
        D:3 |     118 |       0 |   0.0 |      17 |       0 |   0.0
        D:4 |       6 |       0 |   0.0 |       2 |       0 |   0.0
            +---------+---------+-------+---------+---------+-------
